[Event "Titled Tuesday Blitz August 24 2021"]
[White "Amgalantengis, Enkh-Amgalan"]
[Black "Sadhwani, Raunak"]
[WhiteFideId "4903536"]
[BlackFideId "35093487"]
[WhiteElo "1716"]
[BlackElo "2514"]
[Result "0-1"]
[Round "01"]
[TimeControl "180+1"]
[Date "2021.08.24"]
[WhiteClock "0:02:24"]
[BlackClock "0:02:30"]

1. Nf3 c5 2. d4 cxd4 3. Qxd4 Nc6 4. Qh4 d5 5. Nc3 d4 6. Ne4 Nf6 7. Nxf6+ exf6 8. Bd2 Be7 9. O-O-O O-O 10. e3 dxe3 11. Bxe3 Qa5 12. Bd3 f5 13. Bg5 Bxg5+ 14. Nxg5 h6 15. Nf3 Qxa2 16. g4 fxg4 17. Rhg1 Qa1+ 18. Kd2 Qxb2 19. Rxg4 Bxg4 20. Qxg4 Qb4+ 21. Qxb4 Nxb4 22. Be4 Rad8+ 23. Bd3 Nxd3 24. cxd3 Rd5 25. d4 Rfd8 26. Ke3 b5 27. Rc1 b4 28. Rc7 Rb5 29. Ne5 b3 30. Rc5 Rxc5 31. dxc5 b2 32. Nc6 Re8+ 0-1


[Site "https://www.chess.com"]

[Event "Titled Tuesday Blitz August 24 2021"]
[White "Andrejevs, Arvids"]
[Black "Indjic, Aleksandar"]
[WhiteFideId "11602708"]
[BlackFideId "911925"]
[WhiteElo "2272"]
[BlackElo "2643"]
[Result "0-1"]
[Round "01"]
[TimeControl "180+1"]
[Date "2021.08.24"]
[WhiteClock "0:00:02"]
[BlackClock "0:01:40"]

1. e4 Nf6 2. e5 Nd5 3. d4 d6 4. exd6 exd6 5. Nf3 Be7 6. Bd3 O-O 7. O-O Nb4 8. Be2 Bf5 9. Na3 c6 10. c3 Nd5 11. Nc2 Nd7 12. Ne3 Nxe3 13. Bxe3 Nb6 14. Bd3 Qd7 15. Qc2 Bg6 16. Bxg6 hxg6 17. Rfe1 Rfe8 18. h4 Qg4 19. Bg5 Bxg5 20. hxg5 Nd5 21. Qd1 Nf4 22. Rxe8+ Rxe8 23. Qf1 Re2 24. Re1 Nh3+ 25. Kh2 Rxf2 26. Qh1 f6 27. Ng1 Nf4 28. Nh3 Rxg2+ 0-1


[Site "https://www.chess.com"]

[Event "Titled Tuesday Blitz August 24 2021"]
[White "Anuj Shrivatri"]
[Black "Leve, Nitai"]
[WhiteFideId "35070924"]
[BlackFideId "2006898"]
[WhiteElo "2038"]
[BlackElo "2144"]
[Result "1-0"]
[Round "01"]
[TimeControl "180+1"]
[Date "2021.08.24"]
[WhiteClock "0:01:37"]
[BlackClock "0:00:17"]

1. d4 Nf6 2. c4 g6 3. Nc3 Bg7 4. e4 d6 5. Nf3 O-O 6. Be2 c5 7. O-O cxd4 8. Nxd4 Nc6 9. Be3 Bd7 10. h3 Rc8 11. Nb3 Na5 12. Nxa5 Qxa5 13. Qd2 Rfe8 14. Rab1 a6 15. b4 Qc7 16. Rfc1 b6 17. Bd4 Qb7 18. Bf3 Bc6 19. Nd5 Nxd5 20. exd5 Bd7 21. Bxg7 Kxg7 22. Qd4+ Kg8 23. h4 h5 24. Rc3 Rc7 25. Rbb3 b5 26. c5 dxc5 27. bxc5 Bf5 28. d6 Rc6 29. Re3 Be6 30. Rxe6 fxe6 31. Qe4 Kf7 32. Qxc6 1-0


[Site "https://www.chess.com"]

[Event "Titled Tuesday Blitz August 24 2021"]
[White "Balakrishnan, Praveen"]
[Black "Titichoca Daza, Daniel"]
[WhiteFideId "2064871"]
[BlackFideId "3309550"]
[WhiteElo "2237"]
[BlackElo "1910"]
[Result "1-0"]
[Round "01"]
[TimeControl "180+1"]
[Date "2021.08.24"]
[WhiteClock "0:00:14"]
[BlackClock "0:00:02"]

1. e4 c5 2. Nf3 d6 3. d4 cxd4 4. Nxd4 Nf6 5. Nc3 a6 6. Be2 e5 7. Nb3 Be7 8. O-O O-O 9. Be3 b5 10. a4 b4 11. Nd5 Be6 12. Bb6 Qd7 13. Nc7 Nxe4 14. Nxa8 Qc6 15. Ba5 Qxa8 16. Bxb4 Nc6 17. Ba3 Rd8 18. Bf3 f5 19. Qd3 Bf6 20. Bxe4 fxe4 21. Qxe4 d5 22. Qe2 d4 23. Nc5 Bd5 24. Ne4 Be7 25. Bxe7 Nxe7 26. Rfe1 Ng6 27. f3 Nf4 28. Qf2 Rb8 29. Nc5 Ng6 30. Nd7 Re8 31. Nb6 Qc6 32. Nxd5 Qxd5 33. c3 d3 34. Rad1 Nf4 35. Qe3 Qc4 36. a5 Ne2+ 37. Kh1 e4 38. fxe4 Rxe4 39. Qxd3 Ng3+ 40. Qxg3 1-0


[Site "https://www.chess.com"]

[Event "Titled Tuesday Blitz August 24 2021"]
[White "Barrionuevo, Pablo"]
[Black "Wagh Suyog"]
[WhiteFideId "110566"]
[BlackFideId "25071688"]
[WhiteElo "2250"]
[BlackElo "2219"]
[Result "0-1"]
[Round "01"]
[TimeControl "180+1"]
[Date "2021.08.24"]
[WhiteClock "0:00:35"]
[BlackClock "0:00:50"]

1. d4 d6 2. e4 g6 3. Nc3 Bg7 4. f4 c6 5. Nf3 d5 6. e5 h5 7. Bd3 Nh6 8. O-O Bf5 9. Be2 Nd7 10. h3 Nf8 11. Be3 Ne6 12. Qd2 Qd7 13. Rfd1 Rd8 14. b4 Be4 15. a4 Nf5 16. Bf2 Bh6 17. Ng5 Nfg7 18. Nxe6 Nxe6 19. Be3 h4 20. Bg4 Bf5 21. Be2 Kf8 22. a5 a6 23. Na4 Be4 24. Kh2 Bf5 25. Rac1 Rg8 26. Nc5 Nxc5 27. bxc5 Be6 28. Rb1 Qc7 29. Rb6 Bc8 30. Rdb1 f6 31. Bg4 f5 32. Be2 Bg7 33. Qe1 Rh8 34. Bf2 Bh6 35. Be3 Bg7 36. R1b3 e6 37. Bf2 Qe7 38. c4 dxc4 39. Bxc4 Bh6 40. Be3 g5 41. fxg5 Bxg5 42. Bxg5 Qxg5 43. Qf2 Rg8 44. Rf3 Rxd4 45. Bf1 Rd2 0-1


[Site "https://www.chess.com"]

[Event "Titled Tuesday Blitz August 24 2021"]
[White "Bologan, Victor"]
[Black "Todorovic, Bojan"]
[WhiteFideId "13900048"]
[BlackFideId "917087"]
[WhiteElo "2511"]
[BlackElo "2266"]
[Result "0-1"]
[Round "01"]
[TimeControl "180+1"]
[Date "2021.08.24"]
[WhiteClock "0:00:10"]
[BlackClock "0:00:34"]

1. e4 e5 2. Nf3 Nc6 3. Bc4 Be7 4. O-O Nf6 5. d4 d6 6. dxe5 Nxe5 7. Nxe5 dxe5 8. Qe2 c6 9. Kh1 O-O 10. f4 exf4 11. Bxf4 Qb6 12. Bb3 a5 13. a4 Be6 14. Nd2 Bxb3 15. Nxb3 Rfe8 16. e5 Nd5 17. Bg3 f6 18. Qf3 fxe5 19. Qf7+ Kh8 20. Bxe5 Bf6 21. Bxf6 Nxf6 22. Rad1 Rad8 23. Rxd8 Rxd8 24. h3 c5 25. Nc1 Qxb2 26. Nd3 Qd4 27. Nf4 Qd7 28. Qb3 Qf5 29. Qxb7 g5 30. Qe7 Re8 31. Ng6+ Qxg6 32. Qxf6+ Qxf6 33. Rxf6 Re4 34. Rf5 Rxa4 35. Rxc5 h6 36. Rc7 Rb4 37. c3 Rb2 38. c4 Rc2 39. Ra7 Rxc4 40. Rxa5 Kg7 41. Ra6 Rb4 42. Kh2 Rc4 43. Rc6 Rxc6 0-1


[Site "https://www.chess.com"]

[Event "Titled Tuesday Blitz August 24 2021"]
[White "Bon, Michael"]
[Black "Sonis, Francesco"]
[WhiteFideId "620696"]
[BlackFideId "895733"]
[WhiteElo "2393"]
[BlackElo "2373"]
[Result "0-1"]
[Round "01"]
[TimeControl "180+1"]
[Date "2021.08.24"]
[WhiteClock "0:00:03"]
[BlackClock "0:00:28"]

1. e4 e5 2. Nc3 Nf6 3. Bc4 Nxe4 4. Qh5 Nd6 5. Bb3 Be7 6. Nf3 Nc6 7. Nxe5 Nxe5 8. Qxe5 O-O 9. O-O Ne8 10. Nd5 Bd6 11. Qh5 c6 12. Ne3 Nf6 13. Qh4 g6 14. d4 Be7 15. Qh6 d5 16. h3 Ne4 17. Ng4 f5 18. Ne5 Qe8 19. Re1 g5 20. Rxe4 fxe4 21. Bxg5 Bxg5 22. Qxg5+ Kh8 23. Re1 Bf5 24. Re3 Qe6 25. c4 Rg8 26. Qh4 Raf8 27. cxd5 cxd5 28. Rc3 Rg7 29. g4 Bg6 30. Rc5 e3 31. fxe3 Be4 32. Rc1 Qa6 33. Qg3 Qe2 34. Re1 Qxb2 35. Bd1 Qxa2 36. Bf3 Bxf3 37. Nxf3 b5 38. Ne5 b4 39. Qg2 Qxg2+ 40. Kxg2 a5 41. Rb1 Ra8 42. h4 Rb7 43. Kf3 a4 44. e4 a3 45. exd5 a2 46. Ra1 b3 47. Nc4 b2 48. Nxb2 Rxb2 49. d6 Rb1 0-1


[Site "https://www.chess.com"]

[Event "Titled Tuesday Blitz August 24 2021"]
[White "Bortnyk, Olexandr"]
[Black "Delorme, Alban"]
[WhiteFideId "14120828"]
[BlackFideId "623636"]
[WhiteElo "2723"]
[BlackElo "2197"]
[Result "0-1"]
[Round "01"]
[TimeControl "180+1"]
[Date "2021.08.24"]
[WhiteClock "0:00:16"]
[BlackClock "0:00:23"]

1. e4 c5 2. c3 Nf6 3. e5 Nd5 4. Nf3 Nc6 5. Bc4 Nb6 6. Bb3 d5 7. exd6 Qxd6 8. O-O Be6 9. Na3 Bxb3 10. Qxb3 Qd3 11. Nb5 c4 12. Qa3 e5 13. b4 O-O-O 14. Nxa7+ Nxa7 15. Qxa7 Kc7 16. Nxe5 Qf5 17. Qa5 Rd5 18. Qa7 Qxe5 19. a4 Bd6 20. f4 Qe4 21. a5 Nc8 22. Qf2 Re8 23. a6 bxa6 24. Rxa6 Rf5 25. g3 h5 26. Ba3 Rb5 27. Ra1 h4 28. Ra5 hxg3 29. hxg3 Rxa5 30. bxa5 Bxa3 31. Rxa3 Rh8 32. Qc5+ Kb7 33. a6+ Ka8 34. Qe5 Qf3 0-1


[Site "https://www.chess.com"]

[Event "Titled Tuesday Blitz August 24 2021"]
[White "ChessMood"]
[Black "Dobre, Claudiu-Cristian"]
[BlackFideId "1211854"]
[WhiteElo "2803"]
[BlackElo "2259"]
[Result "1-0"]
[Round "01"]
[TimeControl "180+1"]
[Date "2021.08.24"]
[WhiteClock "0:01:37"]
[BlackClock "0:00:02"]

1. Nf3 d5 2. g3 Nf6 3. Bg2 Bg4 4. O-O e6 5. d4 Nbd7 6. Nbd2 Be7 7. Re1 O-O 8. e4 dxe4 9. Nxe4 Nxe4 10. Rxe4 Bf5 11. Re1 c6 12. c3 h6 13. Qb3 Qb6 14. Nd2 Rfd8 15. Nc4 Qa6 16. Bf1 b5 17. Ne3 Bg6 18. Bd2 Nb6 19. Qd1 Qb7 20. Ng4 Bd6 21. Qc1 Nd5 22. Bg2 Bf5 23. Ne5 Bxe5 24. Rxe5 Qe7 25. b3 Rac8 26. a4 a6 27. axb5 axb5 28. Re1 Qd6 29. Qa3 Qxa3 30. Rxa3 b4 31. cxb4 Ra8 32. Ra5 Rab8 33. Bxd5 exd5 34. f3 Re8 35. Rxe8+ Rxe8 36. Kf2 Bd3 37. Be3 Bb5 38. Ra7 Rf8 39. g4 f6 40. h4 Rf7 41. Ra8+ Kh7 42. Ra1 f5 43. g5 hxg5 44. Bxg5 g6 45. Bf4 Re7 46. Be5 1-0


[Site "https://www.chess.com"]

[Event "Titled Tuesday Blitz August 24 2021"]
[White "Colas, Joshua"]
[Black "Buscar, Michael"]
[WhiteFideId "2044447"]
[BlackFideId "2603616"]
[WhiteElo "2347"]
[BlackElo "2010"]
[Result "1-0"]
[Round "01"]
[TimeControl "180+1"]
[Date "2021.08.24"]
[WhiteClock "0:01:05"]
[BlackClock "0:01:18"]

1. Nf3 d5 2. c4 e6 3. g3 Nf6 4. Bg2 Be7 5. O-O O-O 6. b3 c6 7. Bb2 Nbd7 8. d4 a5 9. Nc3 Re8 10. Qc2 b6 11. e4 dxe4 12. Nxe4 Bb7 13. Ne5 Qc7 14. Rad1 a4 15. Ng5 Rf8 16. Rfe1 axb3 17. axb3 Ra2 18. Qb1 Ra7 19. Bc3 h6 20. Ngxf7 Rxf7 21. Nxf7 Kxf7 22. Bh3 Nf8 23. Qc2 c5 24. Qe2 cxd4 25. Bxe6+ Nxe6 26. Qxe6+ Kf8 27. Bxd4 Qc6 28. Qxe7+ Kg8 29. Qe6+ Qxe6 30. Rxe6 Bf3 31. Rde1 Rd7 32. Bxf6 gxf6 33. Rxf6 1-0


[Site "https://www.chess.com"]

[Event "Titled Tuesday Blitz August 24 2021"]
[White "Costachi, Mihnea"]
[Black "Manukyan, Artyom"]
[WhiteFideId "1217518"]
[BlackFideId "13305786"]
[WhiteElo "2482"]
[BlackElo "2034"]
[Result "1-0"]
[Round "01"]
[TimeControl "180+1"]
[Date "2021.08.24"]
[WhiteClock "0:02:03"]
[BlackClock "0:01:52"]

1. e4 e5 2. Nf3 Nc6 3. Bc4 Bc5 4. d3 Nf6 5. Bg5 h6 6. Bh4 d6 7. c3 Qe7 8. a4 a6 9. b4 Ba7 10. Nbd2 g5 11. Bg3 Nd7 12. b5 Nd8 13. Qe2 Nf8 14. d4 Ng6 15. h3 Be6 16. bxa6 bxa6 17. Bxa6 Kf8 18. dxe5 dxe5 19. Nxe5 Nf4 20. Bxf4 gxf4 21. Bc4 Qc5 22. Bxe6 Nxe6 23. Nd7+ 1-0


[Site "https://www.chess.com"]

[Event "Titled Tuesday Blitz August 24 2021"]
[White "DKSystem2"]
[Black "Wagner, Dennis"]
[BlackFideId "24650684"]
[WhiteElo "2421"]
[BlackElo "2355"]
[Result "0-1"]
[Round "01"]
[TimeControl "180+1"]
[Date "2021.08.24"]
[WhiteClock "0:00:09"]
[BlackClock "0:00:40"]

1. e4 c5 2. Nf3 d6 3. c3 Nf6 4. h3 g6 5. Bd3 Bg7 6. O-O O-O 7. Bc2 b5 8. d4 Bb7 9. Re1 Nbd7 10. a4 b4 11. a5 Rb8 12. Bf4 Nh5 13. Bh2 e5 14. dxe5 Nxe5 15. Nxe5 dxe5 16. cxb4 cxb4 17. Nd2 Ba6 18. Bb3 Qd4 19. Nf3 Qxb2 20. Rb1 Qc3 21. Qd6 Bd3 22. Bxe5 Bxe5 23. Nxe5 Bxb1 24. Rxb1 Rbe8 25. f4 Nxf4 26. Nd7 Qg3 27. Rb2 Nxh3+ 28. Kh1 Qxd6 0-1


[Site "https://www.chess.com"]

[Event "Titled Tuesday Blitz August 24 2021"]
[White "Darini, Pouria"]
[Black "Hajaj, Nimrod"]
[WhiteFideId "12502200"]
[BlackFideId "30933781"]
[WhiteElo "2489"]
[BlackElo "2405"]
[Result "1-0"]
[Round "01"]
[TimeControl "180+1"]
[Date "2021.08.24"]
[WhiteClock "0:00:07"]
[BlackClock "0:00:16"]

1. e4 c5 2. Nf3 d6 3. d4 cxd4 4. Nxd4 Nf6 5. Nc3 Nc6 6. Bg5 e6 7. Qd2 a6 8. O-O-O Bd7 9. f4 Be7 10. Nf3 b5 11. Bxf6 gxf6 12. f5 Qb6 13. Qh6 O-O-O 14. Bd3 Kb8 15. Qh5 Rhf8 16. Kb1 Rc8 17. Rhe1 Qc5 18. g4 Bd8 19. Qxh7 Ba5 20. fxe6 Bxe6 21. Nd5 Bxe1 22. Rxe1 Ne5 23. Nxe5 fxe5 24. Ne3 Rh8 25. Qg7 Rxh2 26. Qg5 a5 27. Rc1 Rh3 28. Nf5 f6 29. Qd2 b4 30. b3 a4 31. Bf1 Rh1 32. Qxd6+ Qxd6 33. Nxd6 Rg8 34. bxa4 Rxg4 35. Bd3 Rgg1 36. Rxg1 Rxg1+ 37. Kb2 Kc7 38. Nb5+ Kb6 39. a3 bxa3+ 40. Kxa3 Rb1 41. Nc3 Rh1 42. Kb4 Rh4 43. a5+ Kc7 44. Kc5 Rh8 45. a6 Rc8 46. Nb5+ Kd7+ 47. Kb6 Rb8+ 48. Ka7 Rc8 49. Kb7 Bc4 50. Bxc4 Rxc4 51. a7 Ra4 52. a8=Q Rxa8 53. Kxa8 Kc6 54. Nc3 Kc5 55. Ne2 Kc4 56. Kb7 Kc5 57. Kc7 f5 58. exf5 e4 59. f6 e3 60. f7 Kd5 61. f8=Q Ke4 62. Qe7+ Kf3 63. Qe5 Kf2 64. Nd4 Ke1 65. Qxe3+ Kd1 66. Qe2+ Kc1 67. c4 Kb1 68. Qc2+ Ka1 69. Nb3# 1-0


[Site "https://www.chess.com"]

[Event "Titled Tuesday Blitz August 24 2021"]
[White "Demidov, Mikhail"]
[Black "Moon_stone123"]
[WhiteFideId "4197143"]
[WhiteElo "2559"]
[BlackElo "2424"]
[Result "1-0"]
[Round "01"]
[TimeControl "180+1"]
[Date "2021.08.24"]
[WhiteClock "0:01:26"]
[BlackClock "0:00:10"]

1. Nf3 Nf6 2. g3 g6 3. b3 Bg7 4. Bb2 O-O 5. Bg2 d6 6. d4 Nc6 7. O-O e5 8. dxe5 Ng4 9. Qd2 Ngxe5 10. c4 Nxf3+ 11. exf3 Be6 12. Bxg7 Kxg7 13. Nc3 Qf6 14. Rad1 Rfe8 15. Ne4 Qe7 16. Rfe1 f5 17. Nc3 Qf6 18. f4 Bf7 19. h4 Rxe1+ 20. Rxe1 Rf8 21. Nd5 Bxd5 22. cxd5 Nb8 23. Qa5 Na6 24. Bf1 Rf7 25. Bxa6 bxa6 26. Qxa6 Qd4 27. Qc4 Qd2 28. Re2 Qd1+ 29. Kg2 h5 30. Re6 Kh7 31. Re8 Qd2 32. Rc8 Kh6 33. a4 a5 34. Re8 Rg7 35. Rh8+ Rh7 36. Rxh7+ Kxh7 37. Qxc7+ Kg8 38. Qxd6 Qd3 39. Qe6+ Kh8 40. d6 g5 41. hxg5 h4 42. gxh4 Kg7 43. d7 Qd1 44. f3 Qd2+ 45. Kg3 Qd1 46. Qe7+ Kg6 47. h5+ Kxh5 48. Qh7# 1-0


[Site "https://www.chess.com"]

[Event "Titled Tuesday Blitz August 24 2021"]
[White "Devaev, Alexander"]
[Black "Murzin, Volodar"]
[WhiteFideId "4169395"]
[BlackFideId "44155573"]
[WhiteElo "2185"]
[BlackElo "2541"]
[Result "0-1"]
[Round "01"]
[TimeControl "180+1"]
[Date "2021.08.24"]
[WhiteClock "0:00:04"]
[BlackClock "0:00:03"]

1. d4 d5 2. c4 c6 3. cxd5 cxd5 4. Nc3 e6 5. Bf4 Bd6 6. Bxd6 Qxd6 7. Nf3 Nc6 8. e3 Nge7 9. Bb5 Bd7 10. Bxc6 Nxc6 11. O-O O-O 12. Rc1 Rac8 13. Qd2 f6 14. Rfd1 Be8 15. Na4 Bh5 16. Nc5 b6 17. Nd3 Rc7 18. Rc2 Rfc8 19. Rdc1 Bg6 20. Rc3 Na5 21. Rxc7 Rxc7 22. Rxc7 Qxc7 23. Nf4 Bf7 24. b3 g5 25. Nd3 Bg6 26. Nfe1 Nc6 27. Qc3 Qd6 28. b4 a6 29. a4 Be8 30. a5 Na7 31. axb6 Qxb6 32. Nc5 Bb5 33. f4 h6 34. fxg5 hxg5 35. Qc2 Kg7 36. h4 gxh4 37. Qf2 Be8 38. Qxh4 Qxb4 39. Nxe6+ Kf7 40. Nf4 Bc6 41. Qh7+ Ke8 42. Nf3 Qe7 43. Qh8+ Qf8 44. Qh4 Nb5 45. Kf2 Nd6 46. Ne6 Qe7 47. Nc5 Ne4+ 48. Nxe4 dxe4 49. Nd2 Bd5 50. Qf4 Qd7 51. Qb8+ Kf7 52. Qb6 Qf5+ 53. Ke1 Qe6 54. Qa7+ Kg6 55. Qc5 Qc6 56. Qf8 a5 57. g3 a4 58. Ke2 Qb5+ 59. Ke1 Qa5 60. Qe8+ Kg5 61. Qh8 a3 62. Qh4+ Kf5 63. Qf4+ Kg6 64. Qg4+ Kf7 65. Qd7+ Kf8 66. Qc8+ Ke7 0-1


[Site "https://www.chess.com"]

[Event "Titled Tuesday Blitz August 24 2021"]
[White "Donchenko, Alexander"]
[Black "Begunov, Konstantin"]
[WhiteFideId "24603295"]
[BlackFideId "4118510"]
[WhiteElo "2509"]
[BlackElo "2262"]
[Result "0-1"]
[Round "01"]
[TimeControl "180+1"]
[Date "2021.08.24"]
[WhiteClock "0:00:05"]
[BlackClock "0:00:16"]

1. e4 c5 2. Nf3 d6 3. Bb5+ Bd7 4. Bxd7+ Qxd7 5. c4 Nc6 6. Nc3 Nf6 7. O-O Nd4 8. d3 Nxf3+ 9. Qxf3 g6 10. Bd2 Bg7 11. Rab1 O-O 12. b4 b6 13. a3 Ng4 14. Qe2 Ne5 15. b5 a6 16. f4 Ng4 17. h3 Bd4+ 18. Kh1 Nf6 19. Rb3 axb5 20. Nxb5 Nh5 21. Qf3 Bg7 22. Rfb1 Ra6 23. Nc3 Qa7 24. Bc1 Nf6 25. g4 Ra8 26. g5 Nd7 27. Nd5 e6 28. Ne3 Nb8 29. Ng4 Nc6 30. Nf6+ Bxf6 31. gxf6 Nd4 32. Qg4 Nxb3 33. Qg5 Kh8 34. Rxb3 Qd7 35. Kh2 Qa4 36. Rb2 Qd1 37. Be3 Rxa3 38. Bf2 Qxd3 39. Qh6 Rg8 40. Rxb6 Ra2 41. Qh4 Qf3 42. Kg1 Ra1+ 43. Be1 Qe3+ 44. Kf1 Qxe4 45. Rxd6 Qxc4+ 46. Kg1 Qe2 0-1


[Site "https://www.chess.com"]

[Event "Titled Tuesday Blitz August 24 2021"]
[White "Drozdowski, Kacper"]
[Black "Reprintsev, Alexander"]
[WhiteFideId "1136720"]
[BlackFideId "14100541"]
[WhiteElo "2507"]
[BlackElo "2126"]
[Result "1-0"]
[Round "01"]
[TimeControl "180+1"]
[Date "2021.08.24"]
[WhiteClock "0:00:13"]
[BlackClock "0:00:12"]

1. e4 d5 2. exd5 Qxd5 3. Nf3 Bg4 4. Be2 Nc6 5. Nc3 Qd6 6. h3 Bh5 7. O-O O-O-O 8. d4 Nf6 9. Be3 h6 10. Nb5 Qd7 11. c4 e6 12. Ne5 Nxe5 13. dxe5 Qxd1 14. Bxd1 Bxd1 15. Raxd1 Nd7 16. Nxa7+ Kb8 17. Nb5 Be7 18. f4 f5 19. exf6 gxf6 20. b3 Bc5 21. Kf2 Rhg8 22. g4 h5 23. Rg1 hxg4 24. hxg4 c6 25. Nd4 e5 26. Ne6 Bxe3+ 27. Kxe3 exf4+ 28. Kxf4 Rde8 29. Rxd7 Rxe6 30. Rh1 Re2 31. Rhh7 Rf2+ 32. Kg3 Rxa2 33. Rxb7+ Ka8 34. Rbf7 Rb2 35. Rxf6 Rxb3+ 36. Kf4 Rb1 37. g5 Rf1+ 38. Ke4 Rg1 39. Rxc6 R1xg5 40. Rcc7 Re8+ 41. Kd4 Rd8+ 42. Kc3 Ra5 43. Kb4 Ra1 44. Rcd7 Re8 45. Kc5 Rf8 46. Rhf7 Rg8 47. Rg7 Rf8 48. Rge7 Rg8 49. Kc6 Ra6+ 50. Kb5 Ra1 51. c5 Rb8+ 52. Kc6 Ra6+ 53. Kd5 Ra1 54. c6 Rd1+ 55. Kc5 Rc1+ 56. Kd6 Rd1+ 57. Kc7 Ra1 58. Re3 Rh8 59. Re5 Ra2 60. Rd8+ Rxd8 61. Kxd8 Rh2 62. c7 Rd2+ 63. Kc8 Ka7 64. Ra5+ Kb6 65. Ra1 Rc2 66. Rb1+ Kc6 67. Kb8 Kd7 68. Rd1+ Ke8 69. c8=Q+ 1-0


[Site "https://www.chess.com"]

[Event "Titled Tuesday Blitz August 24 2021"]
[White "Erdogmus, Yagiz Kaan"]
[Black "Petrovskyi, Vadym"]
[WhiteFideId "44599790"]
[BlackFideId "14165210"]
[WhiteElo "1783"]
[BlackElo "2334"]
[Result "0-1"]
[Round "01"]
[TimeControl "180+1"]
[Date "2021.08.24"]
[WhiteClock "0:00:12"]
[BlackClock "0:00:13"]

1. e4 c5 2. Nf3 d6 3. Bb5+ Nc6 4. Bxc6+ bxc6 5. O-O d5 6. d3 g6 7. Be3 Bg7 8. e5 Bg4 9. Bxc5 Bxe5 10. d4 Bg7 11. Re1 e6 12. c4 Bxf3 13. Qxf3 Ne7 14. Nc3 O-O 15. Rad1 Re8 16. b3 h5 17. Ne2 Nf5 18. Ng3 Nd6 19. Ba3 h4 20. Ne2 Nf5 21. g4 hxg3 22. hxg3 Qa5 23. b4 Qa6 24. b5 cxb5 25. cxd5 exd5 26. Bc5 Qxa2 27. Nc3 Qb3 28. Rxe8+ Rxe8 29. Rb1 Qc2 30. Rxb5 Bxd4 31. Nxd5 Qc4 32. Bxd4 Qxd4 33. Nf4 a6 34. Rb1 a5 35. Rd1 Qe5 36. Qc6 Rb8 37. Qc4 Nd6 38. Nxg6 Nxc4 39. Nxe5 Nxe5 40. Rd5 Nc6 41. Kg2 Ra8 42. Rc5 Ra6 43. Rg5+ Kf8 44. Rb5 a4 45. Rb1 a3 46. Ra1 a2 47. Kf3 Nb4 48. Ke2 Nc2 49. Kd2 Nxa1 50. Kc3 Nb3 51. Kxb3 a1=Q 52. Kc4 Rb6 53. Kd5 Qa7 54. Ke4 Qa5 55. Kf4 Rb4+ 56. Kf3 Qa3+ 57. Kg2 Rb2 58. Kh2 Qe3 59. Kh3 Rxf2 60. Kg4 Qe4+ 61. Kg5 Rf5+ 62. Kh6 Qh1# 0-1


[Site "https://www.chess.com"]

[Event "Titled Tuesday Blitz August 24 2021"]
[White "Estrada Nieto, Julian"]
[Black "Kadric, Denis"]
[WhiteFideId "5101018"]
[BlackFideId "14403803"]
[WhiteElo "2270"]
[BlackElo "2449"]
[Result "0-1"]
[Round "01"]
[TimeControl "180+1"]
[Date "2021.08.24"]
[WhiteClock "0:00:08"]
[BlackClock "0:02:24"]

1. e4 d6 2. d4 Nf6 3. Nc3 e5 4. Nf3 Nbd7 5. Bc4 Be7 6. O-O O-O 7. Re1 c6 8. a4 exd4 9. Qxd4 Ne5 10. Nxe5 dxe5 11. Qxe5 Ng4 12. Qf4 Bd6 13. e5 Nxe5 14. Bb3 Nd3 15. Qe3 Nxe1 16. Qxe1 Re8 17. Be3 Be6 18. Rd1 Bxb3 19. cxb3 Qc7 20. h3 Bc5 21. Rd3 Bxe3 22. Rxe3 Rxe3 23. Qxe3 Qd7 24. a5 a6 25. Ne4 Re8 26. Qf4 Qd1+ 27. Kh2 Qd4 28. f3 Qe5 0-1


[Site "https://www.chess.com"]

[Event "Titled Tuesday Blitz August 24 2021"]
[White "Eswaran, Ashritha"]
[Black "Sjugirov, Sanan"]
[WhiteFideId "2080788"]
[BlackFideId "4189302"]
[WhiteElo "2432"]
[BlackElo "2472"]
[Result "0-1"]
[Round "01"]
[TimeControl "180+1"]
[Date "2021.08.24"]
[WhiteClock "0:01:38"]
[BlackClock "0:01:48"]

1. e4 c5 2. Nf3 Nf6 3. Nc3 d6 4. d4 cxd4 5. Nxd4 a6 6. Be3 e5 7. Nf3 Qc7 8. a4 Be7 9. a5 O-O 10. Be2 Be6 11. O-O h6 12. Qd2 Nbd7 13. Rfd1 Rac8 14. Bf1 Bg4 15. Be2 Rfd8 16. h3 Be6 17. Ne1 Nc5 18. Bf3 Qc6 19. Nd5 Bxd5 20. exd5 Qc7 21. b4 Nce4 22. Bxe4 Nxe4 23. Qd3 Qc4 24. Bb6 Re8 25. Ra4 Nc3 26. Qxc4 Rxc4 27. Rda1 Nxa4 28. Rxa4 e4 29. Kf1 Bf6 30. Ke2 Bc3 31. Ra2 Rxb4 32. g3 Rc8 33. Ng2 Rb2 34. Rxb2 Bxb2 35. Ne3 Bc1 36. Kd1 Bxe3 37. fxe3 f5 38. Kd2 Kf7 39. Bd4 g5 40. h4 Kg6 41. Kc1 Kh5 42. hxg5 hxg5 43. Bf6 Rc5 44. Be7 Rxd5 45. c4 Rc5 46. Bxd6 Rxc4+ 47. Kb2 Kg4 48. Kb3 Rc6 49. Be5 Kf3 50. Kb4 Kxe3 0-1


[Site "https://www.chess.com"]

[Event "Titled Tuesday Blitz August 24 2021"]
[White "Eynullayev, Altay"]
[Black "Materia, Marco"]
[WhiteFideId "13413562"]
[BlackFideId "45150451"]
[WhiteElo "2079"]
[BlackElo "2695"]
[Result "1-0"]
[Round "01"]
[TimeControl "180+1"]
[Date "2021.08.24"]
[WhiteClock "0:00:33"]
[BlackClock "0:00:19"]

1. e4 c5 2. Nf3 e6 3. d4 cxd4 4. Nxd4 Nc6 5. Nc3 Qc7 6. g3 Nf6 7. Bg2 Nxd4 8. Qxd4 Bc5 9. Bf4 d6 10. Qd2 a6 11. O-O O-O 12. Rad1 Rd8 13. e5 Ne8 14. exd6 Qd7 15. Ne4 Ba7 16. Rfe1 Rb8 17. c4 b5 18. c5 Bb7 19. b4 a5 20. a3 axb4 21. axb4 f6 22. Qd3 Bc6 23. Nc3 e5 24. Bxc6 Qxc6 25. Be3 Nc7 26. dxc7 Rxd3 27. cxb8=Q+ Bxb8 28. Rxd3 Bc7 29. Red1 h5 30. h4 e4 31. Rd5 Be5 32. Nxe4 Qa6 33. Bd4 Bxd4 34. R5xd4 Qe6 35. Nd6 Qd7 36. Nc8 Qe6 37. Rd6 Qc4 38. c6 Kh7 39. Ne7 f5 40. R1d4 Qc1+ 41. Kg2 f4 42. Rxf4 Qe1 43. Rd7 Qe6 44. Rfd4 g5 45. c7 gxh4 46. c8=Q hxg3 47. Nf5+ Kg6 48. Nh4+ Kg5 49. Rg7+ Kf6 50. Rg6+ Ke5 51. Qc5+ Qd5+ 52. Qxd5# 1-0


[Site "https://www.chess.com"]

[Event "Titled Tuesday Blitz August 24 2021"]
[White "Eynullayev, Atilla"]
[Black "Nakamura, Hikaru"]
[WhiteFideId "13413570"]
[BlackFideId "2016192"]
[WhiteElo "1997"]
[BlackElo "2900"]
[Result "0-1"]
[Round "01"]
[TimeControl "180+1"]
[Date "2021.08.24"]
[WhiteClock "0:00:03"]
[BlackClock "0:00:44"]

1. d4 g6 2. c4 Bg7 3. e4 d6 4. Nc3 Nc6 5. Be3 e5 6. d5 Nce7 7. c5 f5 8. Bb5+ Kf8 9. f3 Bh6 10. Bxh6+ Nxh6 11. Qd2 Kg7 12. cxd6 cxd6 13. Nh3 Nf7 14. Nf2 a6 15. Bd3 f4 16. a4 Bd7 17. Qc2 g5 18. Qb3 h5 19. h3 Ng6 20. O-O-O b5 21. axb5 Qb6 22. Rd2 axb5 23. Qb4 Ra1+ 24. Kc2 Raa8 25. Rc1 Nh4 26. Nfd1 Rhc8 27. Kb1 Qa7 28. Kc2 Qd4 29. Kb3 Rc4 30. Bxc4 Qxd2 31. Bxb5 Qxc1 32. Bxd7 Qa1 33. Kc2 Nxg2 34. Be6 Ne1+ 35. Kd2 Nxf3+ 36. Ke2 Nd4+ 37. Kf2 Qa7 38. Kg2 g4 39. hxg4 hxg4 40. Nf2 f3+ 41. Kg3 Ne2+ 42. Nxe2 fxe2 43. Qd2 e1=Q 44. Qxe1 Ng5 45. Nxg4 Qd4 46. Qc1 Nxe4+ 47. Kg2 Qd2+ 48. Qxd2 Nxd2 49. Ne3 Kf6 50. Nf5 Ra6 51. Kf2 Rb6 52. Ke3 Nc4+ 53. Ke4 Rb3 54. Bd7 Nd2# 0-1


[Site "https://www.chess.com"]

[Event "Titled Tuesday Blitz August 24 2021"]
[White "Farahat, Ali"]
[Black "Dang, Hoang Son"]
[WhiteFideId "10600507"]
[BlackFideId "12402435"]
[WhiteElo "2321"]
[BlackElo "2248"]
[Result "1-0"]
[Round "01"]
[TimeControl "180+1"]
[Date "2021.08.24"]
[WhiteClock "0:01:04"]
[BlackClock "0:00:31"]

1. e4 g6 2. d4 Bg7 3. Nc3 a6 4. Nf3 d6 5. Bd3 Nf6 6. Ne2 O-O 7. Ng3 Bg4 8. h3 Bxf3 9. Qxf3 Nc6 10. c3 e5 11. d5 Ne7 12. Bg5 Nd7 13. h4 f6 14. Bd2 f5 15. h5 f4 16. hxg6 fxg3 17. gxh7+ Kh8 18. Qxg3 Qe8 19. Bg5 Ng6 20. O-O-O Nf4 21. Kb1 Nc5 22. Bc2 Qf7 23. f3 b5 24. Rh4 a5 25. Rdh1 b4 26. cxb4 axb4 27. Rg4 Ne2 28. Qh4 Nd4 29. Bh6 Bf6 30. Bg5 Qe7 31. Bxf6+ Rxf6 32. Rg8+ Rxg8 33. hxg8=Q+ Kxg8 34. Qh8+ Kf7 35. Rh7+ Kg6 36. Qg8+ 1-0


[Site "https://www.chess.com"]